[Event "Romanian Team Blitz Open 2022"]
[Site "Sebes"]
[Date "2022.12.04"]
[Round "3.2"]
[White "Jianu, Vlad-Cristian"]
[Black "Cosma, Ioan"]
[Result "1-0"]
[ECO "D02"]
[WhiteElo "2516"]
[BlackElo "2368"]
[Annotator "TA"]
[PlyCount "86"]
[EventDate "2022.12.04"]
[EventType "blitz"]
[EventCountry "ROU"]
[SourceTitle "playchess.com"]
[Source "ChessBase"]
[SourceQuality "1"]
[TimeControl "180+2"]

1. d4 Nf6 2. Nf3 d5 3. g3 c5 4. Bg2 Nc6 5. O-O h6 6. c4 {[%emt 0:00:19] Strongly threatening cxd5. D02: 1 d4 d5 2 Nf3 sidelines, including 2...Nf6 3 g3 and 2...Nf6 3 Bf4.} e6 7. cxd5 Nxd5 8. Nc3 Nxc3 9. bxc3 Be7 10. e4 O-O 11. Be3 {[%emt 0:00:03] [#]} cxd4 $146 ({Predecessor:} 11... Qa5 12. Qb3 Rd8 13. Rfd1 Qb6 14. Rab1 Qa5 15. d5 Nb8 16. Ne5 Bd6 17. Nc4 Qc7 18. Nxd6 Rxd6 {1-0 (45) Samaganova,A (1965)-Shih,C (1582) Chess.com INT 2021}) 12. cxd4 Na5 13. Rc1 b6 14. d5 Ba6 15. Re1 Bb4 16. Bd2 Bxd2 17. Qxd2 exd5 18. exd5 {[%emt 0:00:01] And now d6 would win.} (18. Qxd5 Bc4 19. Qd4 (19. Rxc4 $2 Qxd5 20. exd5 Nxc4 $19) 19... Bxa2 $11) 18... Qd6 19. Nd4 Rad8 20. Nf5 $36 {[%emt 0:00:27][%mdl 2048] Black is under strong pressure.} Qf6 21. Ne3 {[%emt 0:00:01] White is much more active. The black rooks are badly placed.} (21. Ne7+ $16 Kh8 22. Rc7) 21... Qd6 (21... Rfe8 $14) 22. Qd4 $16 Rfe8 (22... Bc8 $16) 23. Nf5 $1 $18 {[%emt 0:00:08][%csl Gf5,LRd6,LRg7][%cal Rd4g7] [#]} Qf6 (23... Rxe1+ $142 24. Rxe1 Qf8) 24. Rxe8+ Rxe8 25. Qxf6 gxf6 26. d6 (26. Nxh6+ Kf8 27. Ng4 Kg7) 26... Kf8 $2 (26... Bc4 $16) 27. h4 $2 (27. Nxh6 Bc4 $16) ({Only move:} 27. d7 $18 Rd8 28. Rc7 (28. Nxh6 Rxd7 29. Nf5 Bc4 $14)) 27... Bc4 $14 28. a3 Rd8 29. Rd1 Be6 30. Ne3 (30. Nxh6 $2 {perishes.} Kg7 31. Nxf7 (31. d7 $2 Kxh6 32. Bf1 Rxd7 $19) 31... Kxf7 $19) 30... Bd7 31. Be4 Ba4 32. Rd4 Bc6 {[%emt 0:00:01] [#]} (32... Bd7 $14) 33. Nf5 (33. Bxc6 $1 $16 Nxc6 34. Rd1) 33... Nb3 $1 $11 34. Rc4 (34. Bxc6 $2 {is the wrong capture.} Nxd4 35. Nxd4 Rxd6 $19) 34... Bd7 {[%emt 0:00:09] Threatens to win with ...Nd2.} 35. Ne3 ({Reject} 35. Nxh6 Nd2 36. Nxf7 Kxf7 37. Bd5+ Kf8 $17) 35... Nc5 36. Bd5 (36. Rd4 $11) 36... Rc8 (36... Bc8 $15) 37. Rf4 Kg7 38. g4 Rd8 39. g5 hxg5 40. hxg5 f5 41. Nxf5+ Bxf5 42. Rxf5 {[%emt 0:00:01] Black must now prevent Rf6.} Rxd6 (42... Kg6 $11 43. Rxf7 Rxd6) 43. Bxf7 $14 Ne4 {[%emt 0:00:10] White really could win this.   Weighted Error Value: White=0.34/Black=0.35} ({Black should try} 43... Rd3 $14) 1-0

[Event "Romanian Team Blitz Open 2022"]
[Site "Sebes"]
[Date "2022.12.04"]
[Round "3.3"]
[White "Itkis, Boris"]
[Black "Parligras, Mircea-Emilian"]
[Result "1/2-1/2"]
[ECO "A13"]
[WhiteElo "2343"]
[BlackElo "2567"]
[Annotator "TA"]
[PlyCount "115"]
[EventDate "2022.12.04"]
[EventType "blitz"]
[EventCountry "ROU"]
[SourceTitle "playchess.com"]
[Source "ChessBase"]
[SourceQuality "1"]
[TimeControl "180+2"]

1. c4 e6 2. Nf3 d5 3. g3 Nf6 4. Bg2 d4 5. O-O c5 6. e3 Nc6 7. exd4 cxd4 8. d3 h6 {[%emt 0:00:01] A13: English Opening: 1...e6.} 9. a3 a5 {[%emt 0:00:02] Against b4} 10. Bf4 Bd6 {[%emt 0:00:01] Against Ne5} 11. Bxd6 Qxd6 12. Nbd2 O-O {[%emt 0:00:03] [#]} 13. Ne1 $146 (13. Re1 {was preferrable.}) ({Predecessor:} 13. Rc1 e5 14. c5 Qc7 15. Nc4 Be6 16. Re1 Nd7 17. Qe2 e4 18. dxe4 Nxc5 19. Ncd2 {1-0 (34) Gagunashvili,M (2580)-Arutinian,D (2551) Tbilisi 2020}) 13... e5 $11 14. Nc2 Bf5 15. Qe2 Rfe8 16. Ne4 Nxe4 17. Bxe4 Bxe4 18. Qxe4 a4 19. Rfe1 Qd7 20. Nb4 Nxb4 21. axb4 f5 22. Qf3 Re7 23. b5 Rae8 24. Rxa4 e4 25. Qd1 e3 26. Kg2 (26. f4 $11) 26... f4 {[%emt 0:00:17] aiming for ...e2.} 27. Qf3 (27. gxf4 e2 28. Qb3 Qg4+ 29. Kh1 Qf3+ 30. Kg1 Qxf4 31. c5+ Rf7 32. Raa1 Qxf2+ 33. Kh1 Qf3+ 34. Kg1 Re5) 27... fxg3 28. hxg3 Rf8 ({Black should play} 28... Re5 $17 {...Rf5 is the strong threat.} 29. Ra7 Rf8) 29. Qd5+ Qxd5+ 30. cxd5 Rxf2+ {[%emt 0:00:03][%mdl 4096] Endgame KRR-KRR} 31. Kh3 e2 32. d6 $1 Rd7 33. Rxd4 Kf7 (33... Kf8 {simplifies} 34. Re4 Rxd6 35. R1xe2 Rxe2 36. Rxe2 Rd5) 34. g4 (34. Re4 {simplifies} Rxd6 35. R1xe2 Rxe2 36. Rxe2 Rd5 37. Kg4) 34... Rf6 35. Rxe2 Rdxd6 36. Rxd6 Rxd6 {[%emt 0:00:01] KR-KR} 37. Re3 Rd5 38. b3 Rxb5 39. d4 Rd5 40. Rd3 Kf6 41. Kg3 h5 42. gxh5 Rxh5 43. Kf2 Rh2+ 44. Kg3 Rc2 45. d5 Ke7 46. Kf4 Kd6 47. Rg3 {[%emt 0:00:00] Against Rg2} Kxd5 {[%emt 0:00:01] And now ...Kd4 would win.} 48. Rxg7 b5 {[%emt 0:00:03] Strongly threatening ...Kd4.} 49. Rd7+ Kc6 50. Rd3 {[%emt 0:00:14][%mdl 8192] [#]} (50. Rd4 $11) 50... Kc5 $1 $19 51. Ke3 Kb4 {[%emt 0:00:02] ( -> ...Rc3)} 52. Rd5 Rc3+ ({Worse is} 52... Kxb3 53. Rxb5+ Kc4 54. Rh5 $11) 53. Kd2 Rxb3 ({Inferior is} 53... Kxb3 54. Rxb5+ Kc4 55. Rc5+ Kxc5 56. Kxc3 $11) 54. Kc2 {[#]} Rh3 $2 (54... Ka3 $1 $19 55. Rd7 Rb2+ 56. Kc1 b4) 55. Kb1 {[%emt 0:00:00] The position is equal.} Rh2 56. Rg5 Rh1+ 57. Kb2 Rh2+ 58. Kb1 {[%emt 0:00:00] Weighted Error Value: White=0.23 (precise) /Black=0.21 (precise)} 1/2-1/2

[Event "Romanian Team Blitz Open 2022"]
[Site "Sebes"]
[Date "2022.12.04"]
[Round "3.4"]
[White "Gavrilescu, David"]
[Black "Bulau, Andrei-Cristian"]
[Result "1-0"]
[ECO "C02"]
[WhiteElo "2523"]
[BlackElo "2154"]
[Annotator "TA"]
[PlyCount "89"]
[EventDate "2022.12.04"]
[EventType "blitz"]
[EventCountry "ROU"]
[SourceTitle "playchess.com"]
[Source "ChessBase"]
[SourceQuality "1"]
[TimeControl "180+2"]

1. e4 e6 2. d4 d5 3. e5 c5 4. c3 Nc6 5. Nf3 Qb6 6. Bd3 Nge7 (6... cxd4 $11 7. cxd4 Bd7) 7. dxc5 $14 {[%emt 0:00:02] C02: French: Advance Variation.} Qxc5 8. O-O {[%emt 0:00:02] [#]} Nf5 $146 ({Predecessor:} 8... Ng6 9. Qe2 Qb6 10. Be3 Qc7 11. Bd4 Nf4 12. Qc2 Nxd3 13. Qxd3 Be7 14. Nbd2 Bd7 {0-1 (30) Gheorghiu,C (2286)-Gharibyan,M (2487) Chess.com INT 2022}) 9. b4 {[%emt 0:00:08][%cal Bb2b4,Bb4b5][%mdl 32] White is better.} Qb6 10. a4 Qd8 11. Nbd2 h5 12. Nb3 Be7 13. b5 Nb8 (13... Na5 $142) 14. Nbd4 Nxd4 (14... g6 $16 {was worth a try.}) 15. cxd4 $18 ({Much less strong is} 15. Nxd4 $6 Qc7 $14) 15... Nd7 16. Ba3 Bxa3 17. Rxa3 Nf8 (17... Nb6 $16 18. Nd2 Bd7) 18. h4 Bd7 19. Ng5 g6 20. Rc3 {[%emt 0:00:12] [#] Black must now prevent Qf3.} Nh7 21. Nf3 O-O 22. Qd2 Rc8 (22... Qe7 $16 {keeps fighting.} 23. Ra1 (23. Rc7 b6 $16) 23... Rfc8) 23. Rfc1 Rxc3 24. Qxc3 Qa8 25. Qb4 {[%emt 0:00:28] And now Rc7 would win.} Rc8 {[%emt 0:00:03] Inhibits Rc7.} 26. Rxc8+ Qxc8 27. g3 Nf8 28. Qe7 Be8 29. Kg2 {[%emt 0:00:04][%cal Og3g4] White is much more active.} Qd7 {[%emt 0:00:02] Inhibits g4.} 30. Qc5 b6 {[%emt 0:00:01] Inhibits a5.} 31. Qc1 Qb7 {[%emt 0:00:07] [#] Prevents g4.} (31... Qd8 $16 32. Qc3 Bd7) 32. Qf4 (32. g4 $1 $18) 32... Qc7 33. g4 (33. Qd2 $16) 33... hxg4 $1 $11 34. Qxg4 Qc1 (34... Qc3 $11 35. Bf1 Qc2) 35. h5 $16 Qh6 36. hxg6 fxg6 37. Ng5 $36 {[%emt 0:00:03][%mdl 2048] Keeping Black busy.} (37. Qg5 {simplifies} Qxg5+ 38. Nxg5 Bf7 39. f4) 37... Bf7 (37... Qh5 $16 {is a better defense.} 38. Be2 Qxg4+ 39. Bxg4 Bd7) 38. Qf4 (38. Be2 $18 {is more deadly.}) 38... Qg7 39. Nh3 Nh7 40. Qh4 {[%emt 0:00:01] aiming for Qe7.} Nf8 $2 (40... Be8 $16 {might work better.} 41. Nf4 Nf8) 41. Qg5 (41. Qd8 $18) 41... Be8 42. f3 Qf7 43. Nf2 {[%emt 0:00:03] Ng4 is the strong threat.} Nh7 44. Qd8 g5 $2 (44... Kg7 $16 45. Ng4 Qf8 46. Qc7+ Bf7) 45. Ng4 {[%emt 0:00:02] Weighted Error Value: White=0.30/Black=0.35} 1-0

[Event "Romanian Team Blitz Open 2022"]
[Site "Sebes"]
[Date "2022.12.04"]
[Round "3.5"]
[White "Miron, Lucian-Costin"]
[Black "Szabo, Gergely-Andras-Gyula"]
[Result "1-0"]
[ECO "B07"]
[WhiteElo "2510"]
[BlackElo "2514"]
[Annotator "TA"]
[PlyCount "62"]
[EventDate "2022.12.04"]
[EventType "blitz"]
[EventCountry "ROU"]
[SourceTitle "playchess.com"]
[Source "ChessBase"]
[SourceQuality "1"]
[TimeControl "180+2"]

1. Nf3 Nf6 2. g3 g6 3. Bg2 Bg7 4. O-O O-O 5. d4 d6 6. Re1 Nbd7 7. e4 e5 8. Nc3 c6 9. a4 Qa5 {[%emt 0:00:13] B07: Pirc Defence: Miscellaneous Systems.} 10. h3 Re8 11. Be3 Nf8 {[%emt 0:00:05] [#] White is slightly better.} 12. Qd2 $146 ({Predecessor:} 12. Nd2 Be6 13. d5 cxd5 14. exd5 Bd7 15. Nc4 Qc7 16. b3 b6 17. Qc1 Red8 18. Bg5 {0-1 (45) Ushenina,A (2311)-Dolzhikova,K (2110) Nikolaev 2003}) 12... Qc7 13. a5 exd4 (13... Rd8 $14 {should be considered.}) 14. Nxd4 $16 Ne6 15. Nb3 Bd7 16. Rad1 Bf8 (16... d5 $142) 17. f4 b5 (17... Bc8 $16) 18. axb6 axb6 19. Qf2 ({Better is} 19. Rf1 $18) 19... b5 20. Bb6 Qb7 21. e5 {[%emt 0:00:02] Inhibits b4.} (21. f5 $142) 21... Nh5 ({Black should play} 21... b4) 22. exd6 {[%emt 0:00:10] White is more active.} Nxg3 23. Na5 Qa6 {[%emt 0:00:05] [#]} (23... Rxa5 $16 {was worth a try.} 24. Bxa5 Nh5) 24. Nxc6 $1 $18 ({Stronger than} 24. Bxc6 Bxc6 25. Nxc6 {[#]} Nxf4 $1 $15) 24... Nxf4 $2 (24... Bxc6 25. Bxc6 Nxf4 26. Rxe8 (26. Bxe8 $2 Nxh3+ 27. Kh2 Nxf2 $19) 26... Nxh3+ 27. Kg2 Nxf2 28. Bxa8 Qxb6) 25. Ne7+ Bxe7 26. dxe7 (26. Rxe7 $142 Rxe7 27. dxe7) 26... Nxg2 $2 (26... Bc6 27. Qxf4 (27. Bxc6 $2 {is the wrong capture.} Nxh3+ 28. Kg2 Nxf2 $19) 27... Qxb6+ 28. Qf2 Qxf2+ 29. Kxf2 Bxg2) 27. Kxg2 {[%emt 0:00:19] White is clearly winning.} Bc6+ 28. Kxg3 {[%emt 0:00:02] Strongly threatening Rd6.} b4 29. Nd5 Bxd5 30. Rxd5 {[%emt 0:00:01] White threatens Qf6 and mate.} Qb7 31. Rd8 Qxb6 {[%emt 0:00:09] Weighted Error Value: White=0.48/Black=0.59} 1-0

[Event "Romanian Team Blitz Open 2022"]
[Site "Sebes"]
[Date "2022.12.04"]
[Round "3.6"]
[White "Nevednichy, Vladislav"]
[Black "Secheres, Adrian-Simion"]
[Result "1/2-1/2"]
[ECO "B07"]
[WhiteElo "2499"]
[BlackElo "2365"]
[Annotator "TA"]
[PlyCount "101"]
[EventDate "2022.12.04"]
[EventType "blitz"]
[EventCountry "ROU"]
[SourceTitle "playchess.com"]
[Source "ChessBase"]
[SourceQuality "1"]
[TimeControl "180+2"]

1. e4 {[%emt 0:00:02] Atalik,Suat} Nc6 2. Nf3 d6 3. d4 Nf6 4. Nbd2 g6 5. c3 Bg7 6. Bd3 O-O 7. O-O e5 8. Re1 Re8 {[%emt 0:00:07] B07: Pirc Defence: Miscellaneous Systems.} 9. d5 Nb8 10. a4 {[%emt 0:00:02] [#]} a5 $146 (10... c6 $11) ({Predecessor:} 10... c6 11. dxc6 Nxc6 12. Nc4 d5 13. exd5 Qxd5 14. Ne3 Qd8 15. Ng5 e4 16. Bc4 Ne5 {0-1 (43) Sari,Y (2161)-Atalik,S (2525) Veliko Gradiste 2017 CBM 180 [Atalik,Suat]}) 11. b4 ({White should try} 11. Nc4 $14) 11... Nh5 12. Nb3 axb4 13. cxb4 Nf4 14. Bf1 c6 15. a5 cxd5 16. exd5 Bf5 17. Nfd4 Nh3+ 18. gxh3 $14 exd4 19. Rxe8+ Qxe8 20. Nxd4 Be4 21. Nb5 Qe5 ({Better is} 21... Bxa1 $11 22. Nc7 Qd8 23. Nxa8 Nd7) 22. Ra3 Na6 {[%emt 0:00:03] Against Nc7} 23. Qe1 (23. Re3 {is more complex.} Qxd5 24. Qe2 Qg5+ 25. Qg4) 23... Bxd5 (23... Qxd5 24. Nc3 Bxc3 25. Qxc3 $16) 24. Qxe5 Bxe5 25. Bd2 Rc8 (25... Bc6 $11 {keeps the balance.}) 26. Nc3 $2 (26. Rd3 $16 Be4 27. Nxd6 Bxd3 28. Nxc8 Bxh2+ 29. Kg2 Bxf1+ 30. Kxf1) 26... Nxb4 $15 27. Nxd5 Nxd5 28. Rb3 Rc2 (28... Rc7 $1 $15 {keeps the upper hand.}) 29. Bh6 $16 Bf4 $2 {[%emt 0:00:26] [#]} (29... Bg7 $16 {keeps fighting.} 30. a6 (30. Bxg7 Kxg7 31. Rxb7 Ra2 $11) 30... b6) 30. Bxf4 $2 ({White must play} 30. a6 $1 $18 b6 31. Bxf4 Nxf4 32. Ra3 (32. Rxb6 Ra2 $18)) 30... Nxf4 $11 31. Rxb7 $18 {[%emt 0:00:01][%mdl 4096] Endgame Threatens to win with a6. KRB-KRN} Rc1 (31... Ra2 $11) 32. a6 Nxh3+ 33. Kg2 Nf4+ 34. Kf3 {[%emt 0:00:04] Hoping for a7.} Rxf1 $11 {[%emt 0:00:03] KRN-KR} 35. a7 (35. Kxf4 Ra1) 35... Ra1 $1 36. Rb8+ ({Much less strong is} 36. Kxf4 Ra4+ 37. Ke3 Kg7 $16) 36... Kg7 {[%emt 0:00:01][%cal Oa1a7] aiming for ...Rxa7!} 37. a8=Q (37. a8=B $2 {too greedy.} Ne6 38. Kg3 Rg1+ 39. Kf3 Ra1 $19) 37... Rxa8 38. Rxa8 {[%emt 0:00:01] KR-KN} g5 39. Rd8 {[%emt 0:00:03][%mdl 1024] White has compensation.} d5 40. Kg4 h6 (40... Kf6 $11) 41. Rd6 $14 Nd3 42. Kg3 (42. f3 $14) 42... Nf4 $11 {[%emt 0:00:01] The position is equal.} 43. h4 f6 44. Kg4 {[%emt 0:00:02] Black must now prevent Kf5.} Kg6 45. hxg5 $1 hxg5 46. Kf3 Kf5 47. Rd8 Ke5 48. Re8+ Kf5 49. Kg3 Nh5+ 50. Kf3 Nf4 51. Ke3 {[%emt 0:00:24] Weighted Error Value: White=0.25 (precise) /Black=0.28 (precise)} 1/2-1/2

[Event "Romanian Team Blitz Open 2022"]
[Site "Sebes"]
[Date "2022.12.04"]
[Round "3.7"]
[White "Nastore, Pavel-Alexandru"]
[Black "Stoleriu, George"]
[Result "1-0"]
[ECO "A43"]
[WhiteElo "2218"]
[BlackElo "2389"]
[Annotator "TA"]
[PlyCount "67"]
[EventDate "2022.12.04"]
[EventType "blitz"]
[EventCountry "ROU"]
[SourceTitle "playchess.com"]
[Source "ChessBase"]
[SourceQuality "1"]
[TimeControl "180+2"]

1. d4 Nf6 2. Nf3 g6 3. g3 Bg7 4. Bg2 O-O 5. O-O d6 6. Re1 c5 7. d5 b5 {[%emt 0:00:09] A43: Schmid Benoni.} 8. e4 Nfd7 {[%emt 0:00:02] Against e5} 9. a4 {[%emt 0:00:34] [#]} bxa4 $146 {[%emt 0:00:04] The position is equal.} ({Predecessor:} 9... b4 10. Nbd2 a5 11. Nc4 Ba6 12. Ne3 Nb6 13. Ra2 N6d7 14. h4 Nf6 15. Nh2 c4 {0-1 (47) Ruemmler,R (2023)-Hager,J (2217) Dresden 2009}) 10. Rxa4 Nb6 11. Ra2 N8d7 12. b3 {[%emt 0:00:05] White is more active.} ({White should play} 12. Bd2 $16) 12... a5 $14 13. Bb2 Bxb2 14. Rxb2 f6 15. Nbd2 a4 16. bxa4 Nxa4 17. Rb3 Ne5 18. Nxe5 fxe5 19. Bf3 Bd7 20. Bg4 Qc8 21. Bxd7 Qxd7 22. Qe2 Rfb8 23. Reb1 Qc8 24. Qc4 {[%emt 0:00:12] [#] Hoping for Rxb8.} Rxb3 25. Rxb3 Qa6 ({Black should try} 25... Qd8) 26. Qxa6 $16 Rxa6 {[%emt 0:00:01][%mdl 4096] Endgame [#] KRN-KRN} 27. Nc4 {[%emt 0:00:00] Inhibits Nb6.} Kf7 (27... Ra8 $16 28. h4 h6) 28. Kf1 ({Better is} 28. f4 $18) 28... Ra8 29. Ke2 Ke8 30. Kd2 Ra7 (30... g5 {was called for.} 31. Rb7 Ra6) 31. f4 $18 exf4 32. gxf4 Kd7 $2 (32... Ra8 33. Kd3 Kf8) 33. Ra3 Kc7 34. Nb2 {[%emt 0:00:02] Weighted Error Value: White=0.06 (flawless) /Black=0.30} 1-0

[Event "Romanian Team Blitz Open 2022"]
[Site "Sebes"]
[Date "2022.12.04"]
[Round "3.8"]
[White "Zubcu, Vlad-George"]
[Black "Ciorgovean, Iustin"]
[Result "1-0"]
[ECO "D01"]
[WhiteElo "2135"]
[BlackElo "2319"]
[Annotator "TA"]
[PlyCount "117"]
[EventDate "2022.12.04"]
[EventType "blitz"]
[EventCountry "ROU"]
[SourceTitle "playchess.com"]
[Source "ChessBase"]
[SourceQuality "1"]
[TimeControl "180+2"]

1. d4 d5 2. Nc3 Nf6 3. Bg5 Nbd7 4. Nf3 h6 5. Bf4 a6 6. g3 {[%emt 0:00:29] D01: Veresov Opening.} e6 7. Bg2 {[%emt 0:00:00] [#]} b5 $146 ({Predecessor:} 7... c5 8. e3 Be7 9. Ne5 Nxe5 10. Bxe5 O-O 11. O-O Bd7 12. a3 Rc8 13. Qd2 Bc6 14. Bxf6 Bxf6 15. dxc5 {1-0 (49) Belova,O (2069)-Komiagina,M (2234) St Petersburg 2018}) 8. O-O {[%emt 0:00:04][%cal Oe2e4] The position is equal.} Bb7 9. a4 b4 10. Na2 c5 11. c3 bxc3 12. bxc3 Be7 13. Rb1 Bc6 14. Ne5 Nxe5 15. Bxe5 O-O 16. c4 Qd7 ({Black should try} 16... Rc8) 17. cxd5 Bxd5 (17... Nxd5 $11 18. dxc5 Bxc5) 18. Bxd5 (18. Bxf6 $1 $16 Bxf6 19. dxc5) 18... Qxd5 $11 19. Nc3 Qc6 (19... Qc4 {simplifies} 20. Qb3 Qxb3 21. Rxb3 cxd4 22. Bxd4 Rfc8) 20. e3 Rfd8 {[%emt 0:00:21] ...cxd4 is the strong threat.} (20... cxd4 {simplifies} 21. Bxd4 Nd7 22. Na2 Rfd8) 21. Qb3 $1 Ng4 22. Qb7 Qxb7 (22... Qe8 {looks sharper.} 23. Qe4 Nf6 24. Qb7 cxd4 25. Bxd4 Rdb8) 23. Rxb7 Nxe5 24. dxe5 Kf8 25. Rfb1 c4 26. Kf1 {[%emt 0:00:02] White is more active.} Rd3 27. Ne4 Rd5 28. f4 Rc8 {[%emt 0:00:06] Prevents Rc7.} 29. Rb8 {[%emt 0:00:01] Prevents f5.} (29. Ke2 $1 $14) 29... Rdd8 30. Rxc8 Rxc8 {[%emt 0:00:01][%mdl 4096] Endgame KRB-KRN} 31. Ke2 c3 (31... g5 $11) 32. Rc1 (32. Nxc3 $5 Ke8 33. Kd3 $14) 32... Rc4 ({Better is} 32... Bb4 $14) 33. Nxc3 Ba3 34. Rc2 Ke7 (34... Rc8 $142) 35. Kd3 $16 Rc7 {[%emt 0:00:02][%mdl 8192] [#]} (35... Rc5 $16 36. Ne2 Rxc2 37. Kxc2 Bb4) 36. Ne4 $2 (36. Nd5+ $1 $18 {[%mdl 512] is the precise move to win.} exd5 37. Rxc7+ Ke8 38. Ra7) 36... Rxc2 37. Kxc2 {[%emt 0:00:01] KB-KN} Kd7 38. Nd2 Bc5 39. Kd3 Kc6 40. h3 h5 (40... Bb4 $16 {might work better.}) 41. g4 (41. Ne4 $18) 41... hxg4 42. hxg4 g6 (42... Kd5 $16 {was necessary.} 43. Nf3 Be7 44. e4+ Kc6) 43. e4 $2 (43. Nf3 $18 {has better winning chances.}) 43... Be7 (43... Bf8 $16 {was called for.}) 44. Kc4 $1 $18 Bh4 $2 (44... Bc5 45. Nf3 Be3) 45. Nf3 Bg3 {[%emt 0:00:02] [#]} 46. f5 Bf4 47. Kd4 {[%emt 0:00:03] Inhibits Be3+.} (47. fxg6 {g7 would kill now.} fxg6 48. Nd4+ Kd7 49. Nb3) 47... Bg3 $2 {[%emt 0:00:03] [#]} (47... Bc1 48. Kc4 Be3) 48. Ng5 $1 Bf2+ 49. Kc4 exf5 50. exf5 {[%emt 0:00:01] White mates.} gxf5 51. gxf5 f6 52. exf6 Kd7 53. Kd5 Bh4 54. Ne4 Be1 55. Nc5+ Ke8 56. Ke6 a5 57. f7+ Kf8 58. f6 Bb4 59. Nd7# {[%emt 0:00:01] Weighted Error Value: White=0.35/Black=0.37} 1-0

[Event "Romanian Team Blitz Open 2022"]
[Site "Sebes"]
[Date "2022.12.04"]
[Round "3.9"]
[White "Ardelean, George-Catalin"]
[Black "Patrascu, Catalin-Lucian"]
[Result "1-0"]
[ECO "A45"]
[WhiteElo "2473"]
[BlackElo "2279"]
[Annotator "TA"]
[PlyCount "56"]
[EventDate "2022.12.04"]
[EventType "blitz"]
[EventCountry "ROU"]
[SourceTitle "playchess.com"]
[Source "ChessBase"]
[SourceQuality "1"]
[TimeControl "180+2"]

1. d4 Nf6 2. Bf4 e6 3. e3 b6 4. Qf3 Nc6 5. Nc3 Bb7 6. O-O-O {[%emt 0:00:06] A45: Trompowsky Attack.} Bb4 7. Nge2 {[%emt 0:00:01] [#]} Qe7 $146 ({Predecessor:} 7... O-O 8. a3 Na5 9. e4 Be7 10. d5 Re8 11. Nd4 c5 12. Ndb5 exd5 13. Nxd5 Bxd5 14. exd5 {1-0 (71) Praggnanandhaa,R (2608)-Martinez Alcantara,J (2620) Chess.com INT 2020}) 8. e4 {[%emt 0:00:11] And now e5 would win. White is slightly better.} ({Not} 8. Bxc7 d6 9. Ne4 (9. Nb5 $2 a6 $19) 9... Rc8 10. Nxf6+ gxf6 $17) 8... e5 {[%emt 0:00:36] [#] White must now prevent ...Bxc3.} 9. Nd5 (9. Bg5 $11 {is more appropriate.} Bxc3 10. bxc3) 9... Nxd5 $15 10. exd5 exf4 11. dxc6 dxc6 (11... Bxc6 {simplifies} 12. d5 Bb7 13. Nxf4 O-O-O) 12. Nxf4 O-O-O 13. Bc4 Qf6 $36 {[%emt 0:00:10][%mdl 2048] Black is pushing.} 14. Qg4+ Kb8 15. Nh5 Qh6+ 16. Kb1 f5 {[%emt 0:00:08] Against h4} 17. Qf3 (17. Qxf5 $2 {too greedy.} g6 18. Qf3 gxh5 $19) 17... Rhe8 18. Ng3 g6 19. c3 Bd6 20. h4 Qf4 ({Black should play} 20... c5 $17 21. d5 a6) 21. Qxf4 $11 Bxf4 22. h5 (22. Ne2 $5 Bd6 23. f3 $15) 22... Re7 ({Better is} 22... Bxg3 $15 23. fxg3 Re3) 23. hxg6 hxg6 24. Ne2 Bd6 25. Rh6 g5 26. Rg6 g4 27. Rf6 Bc8 28. Bd3 c5 {[%emt 0:00:06][%mdl 32768] Weighted Error Value: White=0.13 (very precise) /Black=0.12 (very precise) . Loss on time!?} 1-0

[Event "Romanian Team Blitz Open 2022"]
[Site "Sebes"]
[Date "2022.12.04"]
[Round "3.11"]
[White "Grecescu, Gabriel-Andrei"]
[Black "Butolo, Alexandru-Mircea"]
[Result "1-0"]
[ECO "A13"]
[WhiteElo "2388"]
[BlackElo "2043"]
[Annotator "TA"]
[PlyCount "75"]
[EventDate "2022.12.04"]
[EventType "blitz"]
[EventCountry "ROU"]
[SourceTitle "playchess.com"]
[Source "ChessBase"]
[SourceQuality "1"]
[TimeControl "180+2"]

1. c4 Nf6 2. Nf3 e6 3. e3 b6 4. b3 Bb7 5. Bb2 Be7 6. g4 {[%emt 0:00:07] A13: English Opening: 1...e6.} (6. Nc3 $11) 6... h6 (6... Nxg4 $5 7. Rg1 Bf6 $11) 7. Rg1 d5 8. h4 {[%emt 0:00:01] [#] The position is equal.} Nbd7 $146 ({Predecessor:} 8... Rg8 9. g5 hxg5 10. hxg5 Ne4 11. g6 f5 12. cxd5 Bxd5 13. Nc3 Nxc3 14. Bxc3 Nd7 {1-0 (67) Srinath,R (2355)-Guindy,E (2146) Aarhus 2018}) 9. g5 hxg5 10. hxg5 Ne4 11. g6 (11. cxd5 $11 {remains equal.} Bxd5 12. Bxg7) 11... f6 (11... fxg6 $1 $17 {And now ...dxc4 would win.} 12. Nc3 c5) 12. Qc2 c5 {[%emt 0:00:17] Against Nd4} (12... Nf8 $15) 13. Be2 Qc7 14. d3 {[%emt 0:00:24] Inhibits d4.} Nd6 15. Nc3 O-O-O 16. O-O-O a6 17. cxd5 exd5 18. d4 {[%emt 0:00:01] [#]} (18. Kb1 $15 {might be stronger.}) 18... Ne4 {[%emt 0:00:05] [#]} (18... c4 $1 $17) 19. Bd3 (19. Bxa6 $1 $14 Nxc3 20. Bxb7+ Kxb7 21. Bxc3 (21. Qxc3 Rh3 $14)) 19... Nxc3 $15 20. Bxc3 c4 21. Bf5 cxb3 ({Black should play} 21... b5 $15) 22. axb3 Kb8 23. Bb2 Qd6 {[%emt 0:00:07] Threatens to win with ...Rc8.} 24. Kb1 Rc8 25. Qd2 Rc7 26. Rc1 Rhc8 27. Rxc7 {[%emt 0:00:02] Active counter play!} Rxc7 28. Rh1 Ka7 29. Ne1 (29. Rh8 {seems wilder.} Nf8 30. Ne1 Bc8 31. Bxc8 Rxc8 32. Rg8) 29... Qb4 $2 {[%emt 0:00:06][%mdl 8192] Black cannot hold the game after this.} (29... Bc8 $11 {and Black stays safe.}) 30. Qxb4 $18 Bxb4 31. Nd3 Bf8 (31... Bd6 {was worth a try.} 32. Ka2 Bc8) 32. Rh8 {[%emt 0:00:03] White is clearly winning.} Bd6 33. Rg8 Nf8 34. Nf4 Re7 (34... Nxg6 $142 35. Nxg6 a5) 35. Rxf8 Rxe3 36. fxe3 {[%emt 0:00:01] White wants to mate with Rg8.} Bxf8 37. Ne6 Bd6 38. Nxg7 {[%emt 0:00:01] Weighted Error Value: White=0.20 (precise) /Black=0.44} 1-0